AoeStats
← 小逗瓜

Arabia

510073839Analyzed
3v3 RM · 2d ago on Sep 29, 2026· 62m 50s· 6 players
Game mode
Random Map
Map size
Normal (6 player)
Population
200
Speed
Normal
Resources
Standard
Victory
Conquest
Starting age
Dark Age
Ending age
Imperial Age
RankedLock teamsTeams togetherTeam positionsShared explorationLock speedFull tech treeHidden civsTurbo modeCheats
Victory
Defeat
🇷🇴 Khmer · Romania
986
+11
🇭🇰 Franks · Hong Kong SAR China
975
+11
🇨🇳 Slavs · China
949
+36
🇮🇹 Varangians · Italy
972
-15
🇮🇹 Saxons · Italy
942
-13
🇮🇹 Romans · Italy
690
-6
小逗瓜
29:32 Feudal Age
30:12 Man-at-Arms
31:31 Wheelbarrow
45:53 Horse Collar
46:29 Double-Bit Axe
46:42 Gold Mining
Nielu256
12:15 Feudal Age
12:49 Double-Bit Axe
12:46 Horse Collar
14:34 Loom
17:54 Castle Age
16:01 Gold Mining
16:18 Stone Mining
20:03 Bow Saw
21:56 Wheelbarrow
22:39 Scale Barding Armor
22:44 Forging
24:07 Bloodlines
23:58 Husbandry
24:19 Heavy Plow
28:09 Iron Casting
28:01 Town Watch
28:39 Hand Cart
33:27 Imperial Age
30:57 Light Cavalry
32:23 Husbandry
32:45 Chain Barding Armor
32:16 Fletching
32:26 Padded Archer Armor
34:58 Crop Rotation
35:34 Plate Barding Armor
36:00 Blast Furnace
35:34 Conscription
35:15 Elite Battle Elephant
36:10 Heavy Scorpion
36:51 Bodkin Arrow
37:21 Town Patrol
37:04 Hussar
38:40 Double Crossbow
39:58 Scale Mail Armor
40:40 Siege Engineers
40:46 Masonry
40:46 Fortified Wall
41:49 Hoardings
43:31 Caravan
47:15 Elite Ballista Elephant
47:55 Tusk Swords
48:07 Tusk Swords
49:41 Chain Mail Armor
50:02 Architecture
51:36 Bracer
51:51 Leather Archer Armor
52:47 Ballistics
53:28 Chemistry
52:50 Leather Archer Armor
52:24 Pikeman
52:25 Man-at-Arms
52:50 Arson
53:17 Halberdier
53:48 Long Swordsman
56:39 Capped Ram
56:39 Onager
56:45 Two-Handed Swordsman
自古多情空餘恨
2:57 Loom
12:34 Feudal Age
13:23 Double-Bit Axe
20:30 Castle Age
19:01 Gold Mining
21:25 Forging
22:36 Bow Saw
33:06 Gold Shaft Mining
36:15 Imperial Age
34:22 Wheelbarrow
34:00 Pikeman
35:41 Iron Casting
35:06 Scale Mail Armor
35:40 Stone Mining
36:13 Scale Barding Armor
36:35 Husbandry
37:16 Chain Mail Armor
36:44 Cavalier
38:18 Squires
38:05 Arson
39:25 Conscription
39:25 Hand Cart
39:31 Chain Barding Armor
38:38 Halberdier
39:42 Chain Barding Armor
43:29 Blast Furnace
43:05 Plate Barding Armor
43:01 Plate Mail Armor
42:39 Chivalry
42:45 Elite Throwing Axeman
46:15 Paladin
51:10 Town Watch
GecTM
7:28 Loom
10:04 Feudal Age
12:21 Bloodlines
20:14 Double-Bit Axe
20:43 Horse Collar
20:58 Gold Mining
23:27 Castle Age
21:46 Forging
23:09 Stone Mining
24:01 Scale Barding Armor
24:58 Husbandry
25:41 Iron Casting
26:47 Wheelbarrow
28:12 Bow Saw
30:10 Chain Barding Armor
31:45 Hand Cart
31:49 Heavy Plow
34:20 Squires
34:08 Arson
35:34 Stone Shaft Mining
34:46 Vendel Legacy
38:14 Town Watch
38:36 Scale Mail Armor
38:32 Gambesons
40:00 Caravan
41:08 Town Patrol
45:38 Imperial Age
46:34 Guilds
46:55 Coinage
47:00 Cavalier
50:29 Banking
52:22 Conscription
52:26 Light Cavalry
55:37 Hussar
volpe
4:29 Loom
10:25 Feudal Age
12:04 Wheelbarrow
11:13 Horse Collar
11:22 Double-Bit Axe
23:02 Castle Age
24:07 Hand Cart
24:55 Heavy Plow
27:14 Bow Saw
26:34 Man-at-Arms
27:15 Squires
27:30 Forging
27:20 Scale Mail Armor
27:27 Long Swordsman
30:59 Iron Casting
30:39 Chain Mail Armor
36:50 Imperial Age
36:10 Gold Mining
36:25 Caravan
36:52 Legionary
37:50 Town Watch
39:14 Blast Furnace
42:01 Heavy Scorpion
48:43 Pikeman
51:31 Halberdier
Idle Villager
11:29 Feudal Age
12:42 Double-Bit Axe
18:27 Castle Age
22:40 Gold Mining
24:36 Squires
26:52 Scale Mail Armor
31:33 Pikeman
35:26 Imperial Age
35:24 Gold Shaft Mining
35:05 Forging
35:10 Chain Mail Armor
36:45 Bow Saw
36:41 Stone Mining
38:40 Wheelbarrow
37:47 Elite Hearth Troop
40:04 Caravan
43:37 Plate Mail Armor
43:43 Iron Casting
43:24 Shield Wall
44:28 Conscription
45:10 Fletching
47:23 Chemistry
46:33 Siege Engineers
47:31 Bodkin Arrow
48:26 Bracer
50:06 Ballistics
49:45 Murder Holes
51:47 Crossbowman
52:35 Thumb Ring
53:12 Hand Cart
52:41 Arbalester
59:48 Light Cavalry
60:40 Bloodlines
60:33 Husbandry
60:47 Scale Barding Armor
60:44 Hussar
Connection lost

Rejoining the realm…

Still unreachable

The connection could not be restored.

Session expired

The server has moved on; the page needs a fresh start.